 Dungeon Crawl Stone Soup version 0.25-a0-1024-gbfbf38f2cb (webtiles) character file.

Game seed: 16854502239248762568, levelgen mode: deterministic

854 MisterFreud the Ducker (level 8, 0/54 HPs)
             Began as an Octopode Gladiator on May 12, 2020.
             Slain by a centaur (10 damage)
             ... on level 5 of the Dungeon.
             The game lasted 00:04:05 (3629 turns).

MisterFreud the Ducker (Octopode Gladiator)         Turns: 3629, Time: 00:04:05

Health: 0/54       AC:  1    Str: 13    XL:     8   Next: 1%
Magic:  8/8        EV: 17    Int: 12    God:
Gold:   124        SH:  0    Dex: 14    Spells: 7/7 levels left

rFire    . . .     SeeInvis .   a - +0 long sword
rCold    . . .     Gourm    .   (no shield)
rNeg     . . .     Faith    .   b - +0 hat
rPois    .         Spirit   .   m - amulet of regeneration
rElec    .         Reflect  .   (no ring)
rCorr    .         Harm     .   (no ring)
MR       .....                  (no ring)
Stlth    ++........             (no ring)
HPRegen  0.58/turn              (no ring)
MPRegen  0.11/turn              (no ring)
                                (no ring)
                                (no ring)

@: no status effects
A: almost no armour, stealthy swim, amphibious, 8 rings, constrict 8, camouflage
1, gelatinous body 1
a: no special abilities


You were on level 5 of the Dungeon.
You were not hungry.

You visited 1 branch of the dungeon, and saw 5 of its levels.

You collected 124 gold pieces.

Inventory:

Hand Weapons
 a - a +0 long sword (weapon)
Missiles
 c - 3 throwing nets
 p - 35 poisoned darts (quivered)
 q - 15 javelins
 w - 2 boomerangs
Armour
 b - a +0 hat (worn)
Jewellery
 m - an amulet of regeneration (around mantle)
Wands
 t - a wand of random effects (13)
 x - a wand of digging (4)
Scrolls
 f - 3 scrolls of teleportation {unknown}
 g - 2 scrolls of identify {unknown}
 j - a scroll of amnesia {unknown}
 k - a scroll of fear {unknown}
 l - a scroll of enchant weapon {unknown}
 n - a scroll of fog {unknown}
 u - a scroll of blinking {unknown}
Potions
 e - a potion of curing
 h - a potion of stabbing {unknown}
 i - 2 potions of lignification {unknown}
 o - a potion of ambrosia {unknown}
 r - 2 potions of mutation {unknown}
 v - a potion of heal wounds {unknown}
Comestibles
 d - 5 rations


   Skills:
 - Level 4.0 Fighting
 - Level 6.0 Long Blades
 - Level 2.0 Throwing
 + Level 6.8 Dodging


You had 7 spell levels left.
You didn't know any spells.
Your spell library was empty.

Dungeon Overview and Level Annotations

Branches:
Dungeon (5/15)             Temple (0/1) D:5

Altars:
Elyvilon
Fedhas
Hepliaklqana
Kikubaaqudgha
Makhleb
Nemelex Xobeh
Xom


Innate Abilities, Weirdness & Mutations

You cannot wear most types of armour.
You are very stealthy in the water. (Stealth+)
You are amphibious.
You can wear up to eight rings at the same time.
You can use your tentacles to constrict eight enemies at once.
Your skin changes colour to match your surroundings (Stealth+).
Your rubbery body absorbs attacks. (AC +1, EV +1)


Message History

You kill the adder!
The centaur hits you.
The centaur hits you but does no damage.
Unknown command.
Unknown command.
You barely miss the centaur.
You squeeze the centaur, but do no damage.
The centaur is lightly wounded.
The centaur hits you.
* * * LOW HITPOINT WARNING * * *
You hit the centaur but do no damage.
The centaur is lightly wounded.
The centaur hits you.
* * * LOW HITPOINT WARNING * * *
The centaur misses you.
Unknown command.
You hit the centaur. You squeeze the centaur.
The centaur is lightly wounded.
The centaur hits you!
You die...

.........#.......#..
....#...#...#....=.#
...###..(..((......#
.....(.....(........
...#.#.#..._.....[..
. ##...............
#..##.#(#.........#.
#.....(.........##
#...#.@.#.........
...#...c...#.....[.
.#...⌠.>.⌠...#.#...
...#.......#......
##...#.⌠.#.......
##............
#.#.#.#.####.
..#......


You could see a centaur.

Vanquished Creatures
  Pikel (D:4)
  Edmund (D:4)
  A phantom (D:4)
  2 slaves (D:4)
  A hound (D:4)
  An orc priest (D:4)
  5 adders
  An ooze (D:3)
  An adder skeleton (D:4)
  4 worms
  3 dart slugs
  A leopard gecko (D:1)
  3 orcs
  A ball python (D:2)
  3 giant cockroaches
  6 goblins
  2 hobgoblins
  A jackal (D:4)
  12 kobolds
  3 quokkas (D:4)
  7 bats
  5 frilled lizards
  A jackal skeleton (D:2)
  9 rats
75 creatures vanquished.

Vanquished Creatures (others)
  A hound (D:4)
  A worker ant (D:4)
  A hound skeleton (D:4)
  An adder (D:4)
  A worm (D:4)
  An orc (D:4)
  2 quokkas (D:4)
8 creatures vanquished.

Grand Total: 83 creatures vanquished

Notes
Turn   | Place    | Note
-------+----------+-------------------------------------------
     0 | D:1      | MisterFreud the Octopode Gladiator began the quest for the
                  | Orb.
     0 | D:1      | Reached XP level 1. HP: 14/14 MP: 1/1
   309 | D:1      | Reached XP level 2. HP: 20/20 MP: 2/2
  1035 | D:2      | Reached XP level 3. HP: 22/26 MP: 3/3
  1555 | D:2      | Reached XP level 4. HP: 29/33 MP: 4/4
  2087 | D:2      | Found a sparkling altar of Nemelex Xobeh.
  2706 | D:4      | Found a blossoming altar of Fedhas.
  2708 | D:4      | Noticed Edmund
  2728 | D:4      | Killed Edmund
  2728 | D:4      | Reached skill level 5 in Long Blades
  2728 | D:4      | Reached XP level 5. HP: 11/37 MP: 5/5
  2924 | D:4      | Noticed a phantom
  2932 | D:4      | Reached XP level 6. HP: 43/43 MP: 6/6
  3118 | D:4      | Found a shimmering altar of Xom.
  3148 | D:4      | Noticed a slave
  3148 | D:4      | Noticed a slave
  3148 | D:4      | Noticed a slave
  3163 | D:4      | Killed a slave
  3165 | D:4      | Killed a slave
  3263 | D:4      | Noticed Pikel
  3264 | D:4      | Found a white marble altar of Elyvilon.
  3267 | D:4      | Found an ancient bone altar of Kikubaaqudgha.
  3280 | D:4      | Killed Pikel
  3280 | D:4      | Reached XP level 7. HP: 34/48 MP: 7/7
  3382 | D:4      | Reached XP level 8. HP: 54/54 MP: 8/8
  3584 | D:4      | Found a burning altar of Makhleb.
  3602 | D:5      | Entered Level 5 of the Dungeon
  3602 | D:5      | Found a hazy altar of Hepliaklqana.
  3618 | D:5      | Found a staircase to the Ecumenical Temple.
  3629 | D:5      | Slain by a centaur

Illustrated notes

Levels and vault maps discovered:
D:1:      saegor_arrival_simple_a, layout_basic
D:2:      layout_loops_corners, nemelex_spade_bored_becter
D:3:      layout_basic
D:4:      layout_cave_pools, kennysheep_little_box, xom_confusion_cloud,
          elyvilon_altar_4, kennysheep_mini, fedhas_altar_2, uniq_edmund,
          uniq_pikel
D:5:      layout_cave_pools, overflow_temple_1_default,
          minmay_temple_entry_sparse_star, serial_shops,
          nicolae_shop_statue_plus, first_ration, uniq_blork_the_orc

Skill      XL: |  1  2  3  4  5  6 |
---------------+-------------------+-----
Fighting       | 3 4 |  4.0
Long Blades    | 5 6 |  6.0
Dodging        | 6 |  6.8
Throwing       | |  2.0

Action                   |  1- 3 |  4- 6 |  7- 9 || total
-------------------------+-------+-------+-------++-------
Melee: Long sword        |    51 |    85 |    21 ||   157
       Constrict         |    17 |    20 |     6 ||    43
       Tentacles         |     8 |    19 |     8 ||    35
Throw: Dart              |       |     4 |       ||     4
  Use: Potion            |       |     2 |       ||     2
 Stab: Sleeping          |     9 |     6 |       ||    15
  Eat: Chunk             |     2 |     5 |     2 ||     9
Armor: Skin              |     2 |     6 |     2 ||    10
Dodge: Dodged            |    23 |    47 |    26 ||    96
       Rpst.: Long sword |     8 |    14 |     8 ||    30

Table legend:
 A = Non-vault XP
 B = Vault XP
 C = Vault XP percentage of total XP
 D = Non-vault monster count
 E = Vault monster count
 F = Vault count percentage of total count
                 A         B        C        D         E       F
            +---------+---------+-------+---------+---------+-------
      Total |     409 |     811 |  66.5 |      70 |       3 |   4.1
            +---------+---------+-------+---------+---------+-------
        D:1 |      23 |       0 |   0.0 |      15 |       0 |   0.0
        D:2 |      78 |       0 |   0.0 |      29 |       0 |   0.0
        D:3 |      37 |       0 |   0.0 |      10 |       0 |   0.0
        D:4 |     256 |     811 |  76.0 |      14 |       3 |  17.6
        D:5 |      15 |       0 |   0.0 |       2 |       0 |   0.0
            +---------+---------+-------+---------+---------+-------
